 Dungeon Crawl Stone Soup version bcrawl-1.28.4 (webtiles) character file.

Game seed: 4378317442221198593

144532 Mehrunes the Grave Robber (level 6, 0/37 HPs)
             Began as a Skeleton Necromancer on Jan 3, 2021.
             Slain by a sky beast (1 damage)
             ... on level 4 of the Dungeon.
             The game lasted 00:07:52 (3718 turns).

Mehrunes the Grave Robber (Skeleton Necromancer)    Turns: 3718, Time: 00:07:52

Health: 0/37       AC: 12    Str: 17    XL:     6   Next: 9%
Magic:  0/10       EV:  7    Int: 13    God:
Gold:   142        SH:  0    Dex:  9    Spells: 9/11 levels left

rFire    . . .     SeeInvis .   f - +0 falchion
rCold    + . .     Gourm    .   (no shield)
rNeg     + + +     Faith    .   k - +0 plate armour
rPois    ∞         Spirit   +   e - +1 hat
rElec    .         Reflect  .   (no cloak)
rCorr    .         Harm     .   (no gloves)
MR       .....                  (no boots)
Stlth    ..........             (no amulet)
HPRegen  0.12/turn              (no ring)
MPRegen  0.12/turn              (no ring)

@: no status effects
A: no food or potions, cold resistance 1, deterioration 1, negative energy
resistance 3, powered by death 1, torment resistance, unbreathing, magic shield,
sturdy frame 1, spell healing
a: no special abilities


You were on level 4 of the Dungeon.
You were not hungry.

You visited 1 branch of the dungeon, and saw 4 of its levels.

You collected 142 gold pieces.

Inventory:

Hand Weapons
 a - a +1 dagger
 f - a +0 falchion (weapon)
Armour
 b - a +0 robe
 e - a +1 hat (worn)
 i - a +1 ring mail of cold resistance
 k - a +0 plate armour (worn)
Jewellery
 j - a cursed ring of teleportation {unknown}
Wands
 l - a wand of polymorph (16)
 m - a wand of acid (8)
Scrolls
 c - 3 scrolls of identify
 d - 4 scrolls of remove curse {unknown}
 g - 2 scrolls of enchant weapon {unknown}
 h - a scroll of fear {unknown}


   Skills:
 + Level 3.3 Fighting
 - Level 2.7 Long Blades
 * Level 2.9 Armour
 - Level 2.0 Dodging
 - Level 2.4 Stealth
 - Level 3.0 Spellcasting
 - Level 5.6 Necromancy


You had 9 spell levels left.
You knew the following spells:

 Your Spells              Type           Power        Failure   Level  Hunger
a - Animate Skeleton      Necr           N/A          45%         1    N/A
b - Pain                  Necr           ###...       45%         1    N/A

Your spell library contained the following spells:

 Spells                   Type           Power        Failure   Level  Hunger
 Vampiric Draining        Necr           ###.......   83%         3    N/A
 Agony                    Necr           ###.....     99%         4    N/A
 Animate Dead             Necr           N/A          99%         4    N/A
 Dispel Undead            Necr           ###.....     100%        5    N/A

Dungeon Overview and Level Annotations

Branches:
Dungeon (4/12)
 Temple: D:4-7

Altars:

Annotations:
D:2 Sigmund
D:3 1 runed door


Innate Abilities, Weirdness & Mutations

You do not eat or drink.
You are immune to poison.
Your flesh is cold resistant. (rC+)
Your body sometimes deteriorates upon taking damage.
You are immune to negative energy. (rN+++)
You regenerate a little health from kills.
You are immune to unholy pain and torment.
You can survive without breathing.
When hurt, damage is shared between your health and your magic reserves.
Your movements are slightly less encumbered by armour. (ER -2)
Casting spells heals you.


Message History

You closely miss the sky beast.
The sky beast is heavily wounded.
The sky beast hits you but does no damage.
You hit the sky beast but do no damage.
The sky beast is heavily wounded.
The sky beast hits you but does no damage.
The sky beast barely misses you.
You slash the sky beast!
The sky beast is severely wounded.
The sky beast hits you but does no damage.
You hit the sky beast.
The sky beast is almost dead.
The sky beast barely misses you.
You hit the sky beast but do no damage.
The sky beast is almost dead.
The sky beast closely misses you.
You miss the sky beast.
The sky beast is almost dead.
The sky beast hits you.
You die...

.. #. #.###+######
#......†...#
#..##.####.# #.. #.#
#.#
####..##.####.#####..
#.....†.....Y@.......
#........###########.
#...............
#........#######
######[.........
#...####### #.#{##
#.#..# #.#........<


You could see a sky beast.

Vanquished Creatures
  A scorpion (D:4)
  A centaur skeleton (D:2)
  Ijyb (D:3)
  Terence (D:2)
  A worker ant (D:4)
  Robin (D:2)
  4 adders (D:3)
  An ooze (D:3)
  3 worms
  A dart slug (D:2)
  4 leopard geckos
  2 orcs (D:3)
  2 bats (D:1)
  4 giant cockroaches
  12 goblins
  6 hobgoblins
  2 jackals (D:2)
  8 kobolds
  2 ball pythons
  9 frilled lizards
  12 rats
78 creatures vanquished.

Notes
Turn   | Place    | Note
-------+----------+-------------------------------------------
     0 | D:1      | Mehrunes the Skeleton Necromancer began the quest for the
                  | Orb.
     0 | D:1      | Reached XP level 1. HP: 10/10 MP: 4/4
   252 | D:1      | Reached skill level 1 in Fighting
   292 | D:1      | Reached XP level 2. HP: 16/16 MP: 4/6
  1257 | D:1      | Reached skill level 1 in Long Blades
  1295 | D:1      | Reached XP level 3. HP: 20/20 MP: 3/7
  1534 | D:2      | Reached skill level 5 in Necromancy
  1629 | D:2      | Noticed Robin
  1699 | D:2      | Noticed Sigmund
  1793 | D:2      | Reached XP level 4. HP: 26/26 MP: 4/8
  1799 | D:2      | Killed Robin
  2220 | D:2      | Noticed Terence
  2228 | D:2      | Killed Terence
  2492 | D:3      | Reached XP level 5. HP: 31/31 MP: 6/9
  3034 | D:3      | Reached skill level 1 in Armour
  3073 | D:3      | Noticed Ijyb
  3112 | D:3      | Killed Ijyb
  3388 | D:3      | Found a runed door.
  3614 | D:4      | Gained mutation: You regenerate a little health from kills.
                  | [Skeleton growth]
  3614 | D:4      | Reached XP level 6. HP: 24/37 MP: 6/10
  3671 | D:4      | Noticed a sky beast
  3712 | D:4      | HP: 1/37 [sky beast (5)]
  3718 | D:4      | Slain by a sky beast

Skill      XL: |  1  2  3  4  5 |
---------------+----------------+-----
Fighting       | 1 2 3 |  3.3
Long Blades    | 1 2 |  2.7
Necromancy     | 5 |  5.6
Armour         | 2 |  2.9
Dodging        | |  2.0
Stealth        | |  2.4
Spellcasting   | |  3.0

Action                   |  1- 3 |  4- 6 || total
-------------------------+-------+-------++-------
Melee: Dagger            |     7 |       ||     7
       Falchion          |    22 |   211 ||   233
 Cast: Pain              |    66 |    70 ||   136
Armor: Robe              |     1 |       ||     1
       Ring mail         |     3 |    26 ||    29
       Plate armour      |       |   131 ||   131
Dodge: Dodged            |    20 |    65 ||    85
Block: Other             |       |     1 ||     1
